 Dungeon Crawl Stone Soup version 0.23.2 (webtiles) character file.

Game seed: 7051049971962350447

81 dvd the Charlatan (level 4, -4/36 HPs)
             Began as a Minotaur Artificer on Apr 2, 2019.
             Slain by an orc
             ... wielding a +0 war axe
              (10 damage)
             ... on level 2 of the Dungeon.
             The game lasted 00:04:52 (1912 turns).

dvd the Charlatan (Minotaur Artificer)              Turns: 1912, Time: 00:04:53

Health: -4/36      AC:  6    Str: 16    XL:     4   Next: 20%
Magic:  5/5        EV: 12    Int:  8    God:
Gold:   134        SH:  0    Dex: 12    Spells: 3/3 levels left

rFire    + . .     SeeInvis .   s - +0 hand axe
rCold    x . .     Gourm    .   (no shield)
rNeg     . . .     Faith    .   b - +0 leather armour
rPois    .         Spirit   .   (helmet restricted)
rElec    .         Reflect  .   m - +0 cloak
rCorr    .         Harm     .   (no gloves)
MR       .....                  t - +1 pair of boots
Stlth    ..........             (no amulet)
HPRegen  0.12/turn              l - ring of attention (curse)
MPRegen  0.09/turn              p - ring of fire

@: no status effects
A: retaliatory headbutt, horns 2
a: no special abilities


You were on level 2 of the Dungeon.
You were not hungry.

You visited 1 branch of the dungeon, and saw 3 of its levels.

You collected 134 gold pieces.

Inventory:

Hand Weapons
 a - a +0 short sword
 h - a +0 whip
 s - a +0 hand axe (weapon)
Missiles
 q - 2 tomahawks (quivered)
Armour
 b - a +0 leather armour (worn)
 m - a +0 cloak (worn)
 t - a +1 pair of boots (worn)
Jewellery
 l - a cursed ring of attention (left hand)
 p - a ring of fire (right hand)
Wands
 c - a wand of flame (15)
 d - a wand of enslavement (10)
 e - a wand of random effects (4)
Scrolls
 g - a scroll of remove curse {unknown}
 n - a scroll of magic mapping {unknown}
 o - 2 scrolls of random uselessness {unknown}
Potions
 i - a potion of flight {unknown}
 k - 3 potions of curing {unknown}
 r - a potion of heal wounds {unknown}
Comestibles
 f - 5 rations
 j - a chunk of flesh


   Skills:
 + Level 2.0 Fighting
 + Level 1.3 Short Blades
 + Level 1.6 Maces & Flails
 + Level 1.3 Armour
 + Level 2.8 Dodging
 + Level 0.9 Stealth
 + Level 3.5 Evocations


You had 3 spell levels left.
You didn't know any spells.
Your spell library was empty.

Dungeon Overview and Level Annotations

Branches:
Dungeon (3/15)

Altars:


Innate Abilities, Weirdness & Mutations

You reflexively headbutt those who attack you in melee.
You have a pair of horns on your head.


Message History

Unknown command.
Items here: ) ? [ † a +0 club; a +0 chain mail; a scroll labeled RAXOCIR CATU; an orc corpse You see here 4 gold pieces.
The orc throws a stone.
The stone hits you but does no damage.
You see here a stone.
A giant cockroach comes into view.
The orc throws a stone.
The stone hits you but does no damage.
You see here a stone.
The orc throws a stone.
The stone hits you.
* * * LOW HITPOINT WARNING * * *
You see here a stone.
There is a stone staircase leading up here.
The orc completely misses you.
You climb upwards.
There is a stone staircase leading down here.
You hit the orc. Your headbutt misses the orc.
The orc is heavily wounded.
The orc hits you with a +0 war axe!
You die...

#.# ##..####.##
########>####..#####.#########
#.............................
#..(..........#####..#########
#................##.##
########.##.####.##.##########
#....##...............#
#..###.......<.#.......
#####.@o.........######
#...........## #...........#
##.........## ##...#...##
#########


You could see an orc.

Vanquished Creatures
  2 adders
  2 worms (D:2)
  4 dart slugs
  2 orcs (D:3)
  3 bats (D:2)
  4 giant cockroaches
  4 goblins
  9 hobgoblins
  3 jackals (D:2)
  A ball python (D:2)
  6 frilled lizards
  A kobold (D:1)
  7 rats
48 creatures vanquished.

Vanquished Creatures (others)
  A kobold (D:1)
1 creature vanquished.

Grand Total: 49 creatures vanquished

Notes
Turn   | Place    | Note
-------+----------+-------------------------------------------
     0 | D:1      | dvd the Minotaur Artificer began the quest for the Orb.
     0 | D:1      | Reached XP level 1. HP: 16/16 MP: 1/1
   363 | D:1      | Reached skill level 3 in Evocations
   363 | D:1      | Reached XP level 2. HP: 17/23 MP: 1/3
   718 | D:1      | Reached XP level 3. HP: 25/28 MP: 4/4
   760 | D:2      | HP: 1/29 [hobgoblin/+0 club (4)]
  1403 | D:2      | Reached skill level 1 in Maces & Flails
  1432 | D:2      | Reached skill level 1 in Armour
  1469 | D:2      | Reached XP level 4. HP: 34/36 MP: 5/5
  1912 | D:2      | Slain by an orc

Skill      XL: |  1  2  3 |
---------------+----------+-----
Evocations     | 3 |  3.5
Fighting       | 2 |  2.0
Maces & Flails | 1 |  1.6
Armour         | 1 |  1.3
Short Blades   | |  1.3
Dodging        | |  2.8
Stealth        | |  0.9

Action                   |  1- 3 |  4- 6 || total
-------------------------+-------+-------++-------
Melee: Whip              |   102 |    10 ||   112
       Headbutt          |    13 |     3 ||    16
       Short sword       |     1 |       ||     1
       Hand axe          |       |    12 ||    12
Throw: Tomahawk          |       |     9 ||     9
Evoke: Wand              |    16 |       ||    16
 Stab: Paralysed         |     2 |       ||     2
  Eat: Chunk             |     2 |     1 ||     3
Armor: Leather armour    |    38 |     8 ||    46
Dodge: Dodged            |    65 |    11 ||    76
